 Dungeon Sprint DCSS version 0.30.1-4-g462c640d31 (webtiles) character file.

Game seed: 106817287871742202

319 boopmooplesden the Protected (level 6, 0/55 HPs)
             Began as a Formicid Fighter on Aug 10, 2023.
             Was an Initiate of Okawaru.
             Slain by a wyvern (9 damage)
             ... in the Dungeon (Sprint IX: "|||||||||||||||||||||||||||||").
             The game lasted 00:00:55 (141 turns).

boopmooplesden the Protected (Formicid Fighter)      Turns: 141, Time: 00:00:55

Health: 0/55       AC: 15    Str: 25    XL:     6   Next: 74%
Magic:  6/6        EV:  8    Int: 11    God:    Okawaru [......]
Gold:   0          SH:  6    Dex: 13    Spells: 5/5 levels left

rFire   . . .        a - +0 war axe
rCold   . . .        c - +0 buckler
rNeg    . . .        m - +0 plate armour
rPois   .            (helmet unavailable)
rElec   .            (no cloak)
rCorr   .            (no gloves)
SInv    +            l - +0 pair of boots
Will    .....        (no amulet) Stlth
                     o - +3 ring of strength
HPRegen 0.29/turn    n - +3 ring of intelligence
MPRegen 0.10/turn

%: no passive effects
@: mighty
A: permanent stasis, dig shafts and tunnels, antennae 3, four strong arms
a: Dig, Renounce Religion


You were in the Dungeon.
You worshipped Okawaru.
Okawaru was noncommittal.
You visited 1 branch

Inventory:

Hand Weapons
 a - a +0 war axe (weapon)
Armour
 b - a +0 scale mail
 c - a +0 buckler (worn)
 l - a +0 pair of boots (worn)
 m - a +0 plate armour (worn)
Jewellery
 n - a +3 ring of intelligence (right hand)
 o - a +3 ring of strength (left hand)
Wands
 k - a wand of roots (10)
Scrolls
 h - 2 scrolls of blinking
 j - 2 scrolls of amnesia
Potions
 e - 5 potions of curing
 f - 3 potions of heal wounds
 g - 4 potions of magic
 i - a potion of invisibility


   Skills:
 + Level 7.3 Fighting
 + Level 7.4 Axes
 + Level 8.2 Armour
 + Level 2.5 Dodging
 + Level 8.1 Shields


You had 5 spell levels left.
You didn't know any spells.
Your spell library was empty.

Dungeon Overview and Level Annotations

Branches:
Dungeon (1/1)

Altars:
Cheibriados
Dithmenos
Elyvilon
Fedhas
Gozag
Hepliaklqana
Kikubaaqudgha
Makhleb
Nemelex Xobeh
Okawaru
Qazlal
Ru
Sif Muna
Trog
Uskayaw
Vehumet
Wu Jian
Xom
Yredelemnul
Zin
The Shining One
Jiyva
Lugonu


Innate Abilities, Weirdness & Mutations

You cannot be hasted, slowed, berserked, paralysed or teleported.
You can dig through walls and to a lower floor.
You have a pair of large antennae on your head. (SInv)
Your four strong arms can wield two-handed weapons with a shield.


Message History

You miss the kobold brigand.
The kobold brigand completely misses you.
You hit the kobold brigand.
The kobold brigand is lightly wounded.
The kobold brigand hits you but does no damage.
The kobold brigand hits you with a +0 short sword.
You barely miss the kobold brigand.
The kobold brigand is lightly wounded.
The kobold brigand hits you with a +0 short sword.
You miss the kobold brigand.
The kobold brigand is lightly wounded.
The kobold brigand hits you but does no damage.
You hit the kobold brigand.
The kobold brigand is moderately wounded.
You block the kobold brigand's attack.
You closely miss the kobold brigand.
The kobold brigand is moderately wounded.
The kobold brigand hits you but does no damage.
You slash the kobold brigand!
The kobold brigand is almost dead.
The kobold brigand hits you with a +0 short sword!
The kobold brigand hits you with a +0 short sword.
You slash the kobold brigand!
You kill the kobold brigand!
Okawaru accepts your kill.
The wyvern hisses menacingly.
The wyvern bites you!
Your Axes skill increases to level 7!
Your Armour skill increases to level 8!
Your Shields skill increases to level 8!
You slash the wyvern!
The wyvern is heavily wounded.
The wyvern bites you but does no damage.
You closely miss the wyvern.
The wyvern is heavily wounded.
The wyvern bites you. The wyvern bites you!
* * * LOW HITPOINT WARNING * * *
You hit the wyvern.
The wyvern is severely wounded.
The wyvern bites you!
You die... { { {{{{{ {{{{{{{{ ▓▓▓▓▓▓▓▓▓▓▓▓▓▓▓▓▓▓▓▓▓▓▓ _____'..).[....†@ly...+ ▓▓▓▓▓▓▓▓▓▓▓▓▓▓▓▓▓▓▓▓▓▓▓

You could see a wyvern and a vampire mosquito.

Vanquished Creatures
  An ogre (D)
  A kobold brigand (D)
  A gnoll sergeant (D)
  2 howler monkeys (D)
  An adder (D)
  A gnoll (D)
  An ufetubus (D)
  An orc (D)
  A kobold (D)
  A quokka (D)
  3 ball pythons (D)
14 creatures vanquished.

Notes
Turn   | Place    | Note
-------+----------+-------------------------------------------
     0 | D        | boopmooplesden the Formicid Fighter began the quest for the
                  | Orb.
     0 | D        | Reached XP level 1. HP: 18/18 MP: 1/1
    26 | D        | Noticed an ogre
    29 | D        | Reached skill level 5 in Shields
    29 | D        | Reached XP level 2. HP: 25/26 MP: 2/2
    37 | D        | Reached XP level 3. HP: 24/31 MP: 3/3
    43 | D        | Killed an ogre
    44 | D        | Reached skill level 5 in Fighting
    44 | D        | Reached skill level 5 in Axes
    44 | D        | Reached skill level 1 in Dodging
    44 | D        | Reached XP level 4. HP: 28/40 MP: 4/4
    44 | D        | Reached XP level 5. HP: 33/46 MP: 5/5
    50 | D        | Found a snail-covered altar of Cheibriados.
    50 | D        | Found a shadowy altar of Dithmenos.
    50 | D        | Found a white marble altar of Elyvilon.
    50 | D        | Found a blossoming altar of Fedhas.
    50 | D        | Found an opulent altar of Gozag.
    51 | D        | Found a hazy altar of Hepliaklqana.
    52 | D        | Found a viscous altar of Jiyva.
    53 | D        | Found an ancient bone altar of Kikubaaqudgha.
    54 | D        | Found a corrupted altar of Lugonu.
    55 | D        | Found a burning altar of Makhleb.
    56 | D        | Found a sparkling altar of Nemelex Xobeh.
    57 | D        | Found an iron altar of Okawaru.
    58 | D        | Found a stormy altar of Qazlal.
    59 | D        | Found a sacrificial altar of Ru.
    60 | D        | Found a shimmering blue altar of Sif Muna.
    61 | D        | Found a bloodstained altar of Trog.
    62 | D        | Found a hide-covered altar of Uskayaw.
    63 | D        | Found a radiant altar of Vehumet.
    64 | D        | Found an ornate altar of the Wu Jian Council.
    65 | D        | Became a worshipper of Warmaster Okawaru
    66 | D        | Found a shimmering altar of Xom.
    67 | D        | Found a basalt altar of Yredelemnul.
    68 | D        | Found a glowing silver altar of Zin.
    69 | D        | Found a glowing golden altar of the Shining One.
   113 | D        | Noticed a kobold brigand
   113 | D        | Noticed a wyvern
   113 | D        | Noticed a vampire mosquito
   120 | D        | Reached XP level 6. HP: 52/53 MP: 6/6
   141 | D        | Slain by a wyvern

Illustrated notes

Levels and vault maps discovered:
D:        linesprint [early_d, line_temple, items_1, d_10, items_2, lair_1,
          lair_end, items_3, orc_1, orc_end, items_4, d_15, swamp_1, shoals_1,
          snake_1, spider_1, d_20, vaults_1, items_5, swamp_end, shoals_end,
          snake_end, spider_end, vaults_end, d_27, items_6, zot_1, zot_end,
          crypt_end, forest_end, elf_end, slime_end, tomb_end, abyss_end,
          pan_hell_end]

Skill      XL: |  1  2  3  4  5  6 |
---------------+-------------------+-----
Fighting       | 4 5 6 7 |  7.3
Armour         | 4 6 7 8 |  8.2
Shields        | 5 6 7 8 |  8.1
Axes           | 3 5 6 7 |  7.4
Dodging        | 1 2 |  2.5

Action                     |  1- 3 |  4- 6 || total
---------------------------+-------+-------++-------
  Melee: War axe           |    33 |    26 ||    59
Ability: Dig               |       |     1 ||     1
    Use: Potion            |       |     1 ||     1
 Armour: Scale mail        |    22 |       ||    22
         Plate armour      |       |    13 ||    13
  Dodge: Dodged            |    18 |     7 ||    25
  Block: Buckler           |    13 |     4 ||    17
